[Event "15th Arad Open 2022"]
[Site "Arad"]
[Date "2022.08.13"]
[Round "8.18"]
[White "Tablan, Andrei-Damian"]
[Black "Oltean, Cristian-Daniel"]
[Result "1/2-1/2"]
[ECO "E70"]
[WhiteElo "1784"]
[BlackElo "2158"]
[Annotator "TA"]
[PlyCount "120"]
[EventDate "2022.08.08"]
[EventType "swiss"]
[EventCountry "ROU"]
[SourceTitle "playchess.com"]
[Source "ChessBase"]
[SourceQuality "1"]
[TimeControl "5400+30"]

1. d4 g6 2. c4 Bg7 3. Nc3 c5 4. d5 d6 5. e4 Nf6 6. Bg5 Nbd7 {[%emt 0:08:17] E70: King's Indian: Miscellaneous lines with 4 e4, including 5 Nge2 and 5 Bd3 0-0 6 Nge2.} 7. h3 b5 8. cxb5 a6 {[%emt 0:01:43] White is better.} 9. Nf3 O-O {[%emt 0:01:02] [#]} 10. Be2 $146 {[%emt 0:00:44] White is more active.} (10. a4 $16) ({Predecessor:} 10. bxa6 Qa5 11. Nd2 Bxa6 12. Bxa6 Qxa6 13. Qe2 Rfb8 14. Rb1 Ne5 15. Qxa6 Rxa6 16. Ke2 {1-0 (34) Von Auer,U (2055)-Ruell,M (1804) Bad Homburg 2018}) 10... axb5 $1 $17 {[%emt 0:01:40] Strongly threatening ...b4.} 11. e5 {[%emt 0:34:05] [#]} Ne8 (11... b4 $1 $17 12. exf6 exf6) 12. Bxb5 $15 Nxe5 13. O-O Nxf3+ 14. Qxf3 h6 15. Bd2 Bb7 16. Rfe1 e6 17. Qd3 exd5 {[%emt 0:10:07] Threatens to win with ...Nc7.} 18. Nxd5 (18. Bxe8 $142 Rxe8 19. Nxd5) 18... Bxd5 $17 19. Qxd5 Nc7 20. Qc4 Nxb5 21. Qxb5 Rb8 22. Qd3 Rxb2 {[%emt 0:03:23][%cal Oc5c4] ...c4! is the strong threat.} 23. Bc3 {[%emt 0:01:40] [#]} (23. Be3 $17 {was worth a try.}) 23... Bxc3 (23... c4 $1 $19 {[%cal Rc4d3] is more deadly.} 24. Qg3 (24. Qxc4 $2 Rc2 $19) 24... Bxc3 25. Qxc3 Qb6) 24. Qxc3 Qb6 25. a4 Qb4 26. Qf6 Qd4 (26... c4 $15) 27. Qxd4 $11 cxd4 {[%emt 0:00:02][%mdl 4096] Endgame KRR-KRR} 28. Red1 Rb4 29. a5 Ra8 30. a6 Ra7 31. Kf1 Rb6 32. Rxd4 Raxa6 33. Rc1 Rb2 34. Kg1 Kg7 35. Rcd1 Rbb6 (35... Raa2 $17 36. Rf4 Rd2 37. Rxd2 Rxd2) 36. Rc1 Ra7 37. Rcd1 Rd7 38. Kh2 f6 39. R4d3 Kf7 40. Kg1 Rd8 41. Kh2 Ke6 42. Re3+ Kf7 43. Red3 $1 h5 44. Kg1 Rc6 45. Kh2 Rb6 46. Kg1 Ke7 47. Re3+ Kf7 48. Red3 $1 g5 49. g3 {[%emt 0:00:00] The position is equal.} Kg6 50. Kh2 Rc6 51. Kg2 Kf5 52. Rf3+ Ke6 53. Re3+ Kf7 54. Red3 Rd7 55. R3d2 Ke8 56. Re2+ Re7 57. Ra2 Kd7 58. Ra7+ Rc7 59. Ra6 Re6 60. Ra8 Rc8 {[%emt 0:01:10] And White is the lucky defender.  Weighted Error Value: White=0.18 (very precise) /Black=0.14 (very precise)} 1/2-1/2

[Event "15th Arad Open 2022"]
[Site "Arad"]
[Date "2022.08.13"]
[Round "8.19"]
[White "Donici-Maier, David"]
[Black "Zubac, Marius"]
[Result "1-0"]
[ECO "B06"]
[WhiteElo "1786"]
[BlackElo "2025"]
[Annotator "NA RC"]
[PlyCount "97"]
[EventDate "2022.08.08"]
[EventType "swiss"]
[EventCountry "ROU"]
[SourceTitle "playchess.com"]
[Source "ChessBase"]
[SourceQuality "1"]
[TimeControl "5400+30"]

1. e4 g6 2. d4 Bg7 3. Nc3 d6 4. f3 a6 5. Be3 b5 6. Qd2 Bb7 7. Nh3 Nd7 8. Nf4 Rc8 9. a4 b4 10. Na2 a5 11. c3 c5 12. Nh3 b3 13. Nc1 c4 14. Be2 h5 15. O-O Ngf6 16. Bd1 h4 17. Ne2 d5 18. e5 Nh5 19. Nef4 Nxf4 20. Nxf4 Nf8 21. Nh3 Rc6 22. f4 Bc8 23. Bf3 Bf5 24. Qd1 Qd7 25. Nf2 f6 26. Re1 Bc2 27. Qd2 f5 28. Bd1 Be4 29. Nxe4 fxe4 30. h3 Ra6 31. Bg4 e6 32. Bd1 Qf7 33. Qe2 Nd7 34. Bxb3 Rb6 35. Ba2 Nf8 36. Rab1 Qb7 37. Qc2 Bh6 38. b3 cxb3 39. Rxb3 Rg8 40. Reb1 Rxb3 41. Rxb3 Qc7 42. Qb2 Nd7 43. Rb7 Qc8 44. Qb5 Rg7 45. c4 g5 46. f5 exf5 47. e6 f4 48. exd7+ Rxd7 49. Rb8 1-0

[Event "15th Arad Open 2022"]
[Site "Arad"]
[Date "2022.08.13"]
[Round "8.20"]
[White "Capragiu, Matei-Stefan"]
[Black "Korcsek, Alexandru-David"]
[Result "1/2-1/2"]
[ECO "D34"]
[WhiteElo "1925"]
[BlackElo "1826"]
[Annotator "TA"]
[PlyCount "37"]
[EventDate "2022.08.08"]
[EventType "swiss"]
[EventCountry "ROU"]
[SourceTitle "playchess.com"]
[Source "ChessBase"]
[SourceQuality "1"]
[TimeControl "5400+30"]

1. d4 d5 2. c4 e6 3. Nf3 c5 4. cxd5 exd5 5. g3 Nc6 6. Bg2 Nf6 7. O-O Be6 8. Nc3 Be7 9. dxc5 Bxc5 10. Bg5 Be7 11. Nd4 O-O 12. Rc1 h6 13. Nxc6 {[%emt 0:02:44] D34: Tarrasch Defence: 6 g3 Nf6 7 Bg2 Be7.} (13. Be3 $14) 13... bxc6 $11 14. Bxf6 Bxf6 15. Na4 {[%emt 0:00:47] The position is equal.} Rc8 {[%emt 0:13:23] [#]} 16. Nc5 $146 ({Predecessor:} 16. b3 Re8 17. Qd3 Bg4 18. Bf3 Bh3 19. Bg2 Bg4 20. e3 g6 21. h3 Bf5 22. Qa6 {1-0 (72) Shanava,K (2502)-Gagunashvili,M (2580) Tbilisi 2020}) 16... Bxb2 17. Rb1 Ba3 {[%emt 0:04:08] This bishop pair is nice.} 18. Nb7 (18. Nxe6 $11 fxe6 19. Bh3) 18... Qe7 $17 19. Qa4 {[%emt 0:02:28] White did not feel at home in the position after the opening.  Weighted Error Value: White=0.39/Black=0.04 (flawless)} 1/2-1/2

[Event "15th Arad Open 2022"]
[Site "Arad"]
[Date "2022.08.14"]
[Round "9.2"]
[White "Secheres, Adrian-Simion"]
[Black "Manolache, Marius"]
[Result "1/2-1/2"]
[ECO "A54"]
[WhiteElo "2360"]
[BlackElo "2469"]
[Annotator "TA"]
[PlyCount "25"]
[EventDate "2022.08.08"]
[EventType "swiss"]
[EventCountry "ROU"]
[SourceTitle "playchess.com"]
[Source "ChessBase"]
[SourceQuality "1"]
[TimeControl "5400+30"]

1. d4 Nf6 2. c4 d6 3. Nc3 e5 4. Nf3 Nbd7 5. Qc2 exd4 6. Nxd4 {[%emt 0:00:06] A54: Old Indian Defence with Nf3, but without e4.} g6 {[%emt 0:00:14] [#]} 7. b3 $146 ({Predecessor:} 7. g3 Bg7 8. Bg2 O-O 9. O-O Nb6 10. b3 c5 11. Ndb5 a6 12. Na3 {½-½ (12) Secheres,A (2388)-Stanciu,A (2337) Satu Mare 2018}) 7... Bg7 8. Bb2 {[%emt 0:00:34] White has an edge.} O-O 9. e3 Ne5 10. Be2 b6 11. O-O Bb7 12. Rad1 Re8 13. Rd2 {[%emt 0:06:28] Weighted Error Value: White=0.12 (very precise) /Black=0.07 (flawless)} 1/2-1/2

[Event "15th Arad Open 2022"]
[Site "Arad"]
[Date "2022.08.14"]
[Round "9.3"]
[White "Stanciu, Alexandru-Ovidiu"]
[Black "Sedlak, Nikola"]
[Result "1/2-1/2"]
[ECO "D04"]
[WhiteElo "2326"]
[BlackElo "2480"]
[Annotator "TA"]
[PlyCount "42"]
[EventDate "2022.08.08"]
[EventType "swiss"]
[EventCountry "ROU"]
[SourceTitle "playchess.com"]
[Source "ChessBase"]
[SourceQuality "1"]
[TimeControl "5400+30"]

1. d4 d5 2. Nf3 Nf6 3. e3 Bf5 4. Bd3 e6 5. Bxf5 exf5 {[%emt 0:00:08] The position is equal.} 6. Qd3 {[%emt 0:00:04] D04: Colle System.} Qc8 7. O-O Bd6 8. b3 O-O 9. c4 c6 10. Ba3 Bxa3 11. Nxa3 Na6 {[%emt 0:01:25][%cal Bb8a6,Ba6c7,Bc7e6][%mdl 32] [#]} 12. Rac1 $146 ({Predecessor:} 12. Rfc1 Ne4 13. Nb1 Nc7 14. Nc3 Qe6 15. cxd5 Nxd5 16. Nxd5 Qxd5 17. Ne5 {½-½ (51) Meijers,V (2463)-Sebenik,M (2526) Lienz 2011}) 12... Qe6 13. cxd5 Qxd5 14. Rfd1 Rad8 15. Qb1 g6 16. Nc4 Nc7 17. b4 Ne6 18. Na5 Rd7 19. Ne5 Re7 20. f3 Qb5 21. Nac4 Rd8 {[%emt 0:02:14] A rather calm draw.  Weighted Error Value: White=0.04 (flawless) /Black=0.03 (flawless)} 1/2-1/2

[Event "15th Arad Open 2022"]
[Site "Arad"]
[Date "2022.08.14"]
[Round "9.4"]
[White "Coicev, Matei-Andrei"]
[Black "Ardeleanu, Alin"]
[Result "1/2-1/2"]
[ECO "B90"]
[WhiteElo "2087"]
[BlackElo "2290"]
[Annotator "TA"]
[PlyCount "47"]
[EventDate "2022.08.08"]
[EventType "swiss"]
[EventCountry "ROU"]
[SourceTitle "playchess.com"]
[Source "ChessBase"]
[SourceQuality "1"]
[TimeControl "5400+30"]

1. e4 c5 2. Nf3 d6 3. d4 cxd4 4. Nxd4 Nf6 5. Nc3 a6 6. f3 e5 7. Nb3 Be6 8. Be3 Be7 9. Qd2 O-O 10. O-O-O Nbd7 11. g4 Qc7 12. Kb1 {[%emt 0:02:06] B90: Sicilian Najdorf: Unusual White 6th moves, 6 Be3 Ng4 and 6 Be3 e5.} Nb6 13. g5 (13. h4 $16) 13... Nh5 $1 $11 14. Qf2 Nc4 15. Bxc4 Qxc4 16. Nd5 Bxd5 17. Rxd5 f5 {[%emt 0:01:10] [#]  Weighted Error Value: White=0.24 (precise) /Black=0.12 (very precise)} {Predecessor:} 18. Nd2 $146 Qc6 19. Qe2 fxe4 20. fxe4 Nf4 21. Bxf4 Rxf4 22. Qd3 Raf8 23. h4 b5 24. a3 {1-0 (72) Percze,J (2553)-Vesely,P (2558) ICCF email 2006} 1/2-1/2

[Event "15th Arad Open 2022"]
[Site "Arad"]
[Date "2022.08.14"]
[Round "9.5"]
[White "Veneteanu, Mihai"]
[Black "Padurean, Daniel-Cristian"]
[Result "1/2-1/2"]
[ECO "C02"]
[WhiteElo "2025"]
[BlackElo "2126"]
[Annotator "RC"]
[PlyCount "116"]
[EventDate "2022.08.08"]
[EventType "swiss"]
[EventCountry "ROU"]
[SourceTitle "playchess.com"]
[Source "ChessBase"]
[SourceQuality "1"]
[TimeControl "5400+30"]

1. e4 Nc6 2. d4 e6 3. Nf3 d5 4. e5 f6 5. Bb5 Bd7 6. Nc3 Nb4 7. Bxd7+ Qxd7 8. O-O Nc6 9. Bf4 g5 10. Bg3 g4 11. Nh4 f5 12. f3 gxf3 13. Nxf3 O-O-O 14. Ne2 Nh6 15. Qd2 Nf7 16. a4 Be7 17. Rfb1 h6 18. b4 Ng5 19. b5 Nb8 20. Qa5 a6 21. bxa6 Nxa6 22. Rb5 c6 23. Rb6 Rdg8 24. Rab1 Bd8 25. Qxa6 Bxb6 26. Qxb6 Ne4 27. Qa7 Qc7 28. Nf4 Re8 29. Nh5 b6 30. Qa6+ Qb7 31. Qd3 Qa7 32. Nf6 Re7 33. Nd2 Qxa4 34. Rxb6 Rb7 35. Rxb7 Kxb7 36. Nfxe4 fxe4 37. Qc3 Qb5 38. Kf2 Rf8+ 39. Ke3 Ra8 40. Qb3 Kb6 41. Bf4 h5 42. h3 Ra1 43. Kf2 Qxb3 44. cxb3 Kb5 45. Be3 Kb4 46. g4 hxg4 47. hxg4 Kc3 48. g5 Kd3 49. Nf1 Ra2+ 50. Kg3 Ke2 51. Kg2 Ke1+ 52. Kg1 Ke2 53. Kg2 Ke1+ 54. Kg1 Ke2 55. g6 Kf3 56. Bd2 Ra8 57. Be3 Ke2 58. Kg2 Ra1 1/2-1/2

[Event "15th Arad Open 2022"]
[Site "Arad"]
[Date "2022.08.14"]
[Round "9.6"]
[White "Srbis, Jurica"]
[Black "Tampea, Radu"]
[Result "1-0"]
[ECO "B31"]
[WhiteElo "2472"]
[BlackElo "2093"]
[Annotator "TA"]
[PlyCount "55"]
[EventDate "2022.08.08"]
[EventType "swiss"]
[EventCountry "ROU"]
[SourceTitle "playchess.com"]
[Source "ChessBase"]
[SourceQuality "1"]
[TimeControl "5400+30"]

1. e4 c5 2. Nf3 Nc6 3. Bb5 g6 4. Bxc6 dxc6 5. d3 Bg7 6. Nc3 Nf6 7. h3 Nd7 8. Be3 e5 9. Qd2 h6 {[%emt 0:00:29] B31: Sicilian: 2...Nc6 3 Bb5 g6.} 10. O-O b6 11. Nh2 Nf8 {[%emt 0:01:38] The position is equal.} 12. f4 exf4 13. Bxf4 Ne6 14. Be3 c4 {[%emt 0:00:26] [#]} 15. Rad1 $146 {[%emt 0:07:27] next d4 is good for White.} ({Predecessor:} 15. Qf2 O-O 16. dxc4 h5 17. Nf3 Ba6 18. e5 Bxc4 19. Rfe1 Qe7 20. b3 Ba6 21. Ne4 {½-½ (33) Xu,Y (2545)-Anton Guijarro,D (2678) China 2019}) 15... cxd3 16. cxd3 c5 {[%emt 0:13:02] Inhibits d4.} 17. Rf2 Nd4 18. Rdf1 (18. b4 $5) 18... Be6 19. Ng4 h5 (19... f5 $11 20. Nxh6 Qh4 21. exf5 gxf5 22. Nxf5 Nxf5 23. Rxf5 Bxf5 24. Rxf5 O-O-O) 20. Bg5 $18 hxg4 (20... Qd7 $142 21. Nf6+ Bxf6 22. Bxf6 Rh7) 21. Bxd8 Rxd8 22. Nd5 {[%emt 0:01:42] [#] aiming for Nc7+.} Rxd5 (22... Rd7 $142 23. hxg4 Be5) 23. exd5 Bxd5 24. Qg5 Rh5 (24... Bxa2 $142 25. Qxg4 Be6) 25. Qxg4 Ne6 26. Qa4+ Kd8 27. Rxf7 Bd4+ {[%emt 0:00:12] [#]} 28. R1f2 $1 {[%emt 0:01:16] Weighted Error Value: White=0.04 (flawless) /Black=0.90} 1-0

[Event "15th Arad Open 2022"]
[Site "Arad"]
[Date "2022.08.14"]
[Round "9.7"]
[White "Ambru, Dan-Calin"]
[Black "Ionescu, Mihai"]
[Result "0-1"]
[ECO "E10"]
[WhiteElo "2001"]
[BlackElo "2250"]
[Annotator "TA"]
[PlyCount "52"]
[EventDate "2022.08.08"]
[EventType "swiss"]
[EventCountry "ROU"]
[SourceTitle "playchess.com"]
[Source "ChessBase"]
[SourceQuality "1"]
[TimeControl "5400+30"]

1. d4 Nf6 2. c4 Nc6 3. Nf3 e6 4. a3 d6 5. Nc3 g6 6. e4 Bg7 7. Be2 O-O 8. O-O Re8 {[%emt 0:00:05] E10: Blumenfeld Gambit.} 9. Bg5 h6 10. Bh4 g5 {[%emt 0:02:26] The position is equal.} 11. Bg3 Nh5 12. d5 Ne7 13. Rc1 Ng6 {[%emt 0:03:12] [#]} 14. Re1 $146 ({Predecessor:} 14. Ne1 Nhf4 15. Nd3 Nxe2+ 16. Nxe2 e5 17. c5 f5 18. exf5 Bxf5 19. cxd6 cxd6 20. Nc3 {0-1 (27) Hahn,A (2260)-Bologan,V (2608) Philadelphia 1999}) 14... Bd7 15. Nd4 Nhf4 16. Bf1 Qf6 17. Ndb5 Rec8 18. Bxf4 gxf4 19. dxe6 fxe6 20. c5 ({White should try} 20. Be2 $15) 20... a6 $17 21. e5 Nxe5 22. Ne4 Qg6 23. Nbxd6 {[%emt 0:04:50] [#] This move loses the game for White.} (23. Nd4 $17 {keeps fighting.}) 23... cxd6 $19 24. Nxd6 Rc7 25. Rxe5 $2 (25. Nc4 Nxc4 26. Rxc4) 25... Bxe5 26. Bd3 Qg7 {[%emt 0:02:06] Weighted Error Value: White=0.41/Black=0.05 (flawless)} 0-1

[Event "15th Arad Open 2022"]
[Site "Arad"]
[Date "2022.08.14"]
[Round "9.8"]
[White "Magold, Victor"]
[Black "Magold, Filip"]
[Result "0-1"]
[ECO "D20"]
[WhiteElo "2074"]
[BlackElo "2247"]
[Annotator "TA"]
[PlyCount "72"]
[EventDate "2022.08.08"]
[EventType "swiss"]
[EventCountry "ROU"]
[SourceTitle "playchess.com"]
[Source "ChessBase"]
[SourceQuality "1"]
[TimeControl "5400+30"]

1. d4 d5 2. c4 dxc4 3. Nc3 Nf6 4. e4 e5 5. d5 b5 $1 6. Nxb5 {[%emt 0:21:43] D20: Queen's Gambit Accepted: 3 e3 and 3 e4.} Bc5 ({Black should play} 6... Nxe4 $15 7. Nc3 Nxc3 8. bxc3 Bc5) 7. Nc3 $11 {[%emt 0:09:08] [#]} O-O $146 ({Predecessor:} 7... Ng4 8. Nh3 Qf6 9. Qc2 Ba6 10. f3 Ne3 11. Bxe3 Bxe3 12. Qa4+ Nd7 13. Bxc4 Bxc4 14. Qxc4 {0-1 (31) Marusic,N (2040)-Jentsch,D (2255) Zalakaros 1998}) 8. Be3 (8. Bxc4 $11 Ng4 9. Nh3) 8... Bxe3 $15 9. fxe3 Ng4 10. Qd2 Qg5 11. Nf3 Qxe3+ 12. Qxe3 Nxe3 13. Nxe5 Re8 14. Nxc4 Nc2+ 15. Kd2 Nxa1 {[%emt 0:00:04] Black is more active.} 16. Bd3 {[%emt 0:00:17] [#]} Ba6 $1 17. Rxa1 Nd7 18. b4 {[%emt 0:05:04] Prevents Nc5.} Bxc4 19. Bxc4 Ne5 20. Be2 Rad8 21. b5 Rd6 22. Rf1 {[%emt 0:01:04] Black converts the advantage convincingly.} (22. g3 $15) 22... Rh6 $17 23. h3 Rg6 24. Rf2 (24. g4 $142) 24... Rg3 25. Kc2 Kf8 26. Kb3 f6 27. Kb4 Ke7 28. Bf1 Kd6 29. Rc2 Rb8 30. a4 (30. Ka5 $17) 30... Re3 31. Be2 (31. Ka5 $142) 31... g6 32. Bf1 (32. Ka5 $17 {was called for.}) 32... f5 33. Rf2 $2 {[%emt 0:01:34] [#]} (33. exf5 {only move.} gxf5 34. Rf2) 33... a5+ $19 34. Kb3 Rf8 ({Inferior is} 34... fxe4 35. Kc2 $17) 35. b6 (35. Be2 $142) 35... cxb6 {[%emt 0:01:25] Strongly threatening ...Rc8.} 36. Bb5 (36. Kb2 $142 Nd7 37. Nb5+ Ke5 38. Na3 Rxe4 39. Bb5 Rb4+ 40. Ka2) 36... Rc8 {[%emt 0:00:08] Weighted Error Value: White=0.49/Black=0.17 (very precise)} 0-1

[Event "15th Arad Open 2022"]
[Site "Arad"]
[Date "2022.08.14"]
[Round "9.9"]
[White "Ciocani, Iosif"]
[Black "Paraschiv, Paul-Alexandru"]
[Result "0-1"]
[ECO "C02"]
[WhiteElo "2012"]
[BlackElo "2181"]
[Annotator "TA"]
[PlyCount "173"]
[EventDate "2022.08.08"]
[EventType "swiss"]
[EventCountry "ROU"]
[SourceTitle "playchess.com"]
[Source "ChessBase"]
[SourceQuality "1"]
[TimeControl "5400+30"]

1. e4 e6 2. d4 d5 3. e5 c5 4. c3 Nc6 5. Nf3 Qb6 6. Be2 cxd4 7. cxd4 Nh6 8. Bxh6 {[%emt 0:00:00] Hoping for Bc1. is now more promising than 8.Nc3.} gxh6 {[%emt 0:01:25] C02: French: Advance Variation.} (8... Qxb2 $11 9. Na3 Qxa3) 9. b3 ({White should play} 9. Qd2 $14) 9... Bb4+ $15 10. Kf1 Bd7 {[%emt 0:00:05][%cal Of7f6] Black has an edge.} 11. a3 Be7 12. b4 (12. Nc3 $11) 12... f6 {[%emt 0:02:06] [#]} (12... Rc8 $15 13. b5 Na5) 13. g3 $146 (13. Nc3 $11 {keeps the balance.}) ({Predecessor:} 13. Nc3 O-O 14. Na4 Qd8 15. exf6 Bxf6 16. Nc5 Bc8 17. Qd2 Qe7 18. Bb5 Qg7 19. Bxc6 bxc6 {½-½ (43) Roth,C-Seyl,F Bad Wiessee 1997}) 13... fxe5 14. dxe5 (14. Nxe5 $142 Bf6 15. Kg2 (15. Bh5+ Ke7 $17)) 14... O-O $17 15. Kg2 {[%emt 0:00:00] [#]} Nxe5 $1 16. Nbd2 (16. Rf1 Nxf3) 16... Ng6 {[%emt 0:04:48] 0x0.0013bbe8f914dp-1022s more active pieces.} 17. Nb3 e5 18. h4 e4 (18... h5 $19 19. Kg1 e4) 19. Qxd5+ Qe6 (19... Kh8 $1 $17 20. Qxe4 Bc6) 20. Qxe6+ $11 Bxe6 21. Nfd4 Bd5 22. Rhd1 Rad8 23. Kg1 Rd6 ({Better is} 23... b6 $11) 24. Nb5 {[%emt 0:00:00] [#]} (24. Nc5 $1 $14 Ne5 25. Nb5) 24... Nf4 $1 $36 {[%emt 0:05:36][%mdl 2048] White is under pressure.} 25. Bf1 (25. N3d4 Rg6) 25... Rg6 26. Rxd5 Nxd5 27. Bc4 {[%emt 0:08:00] [#]} e3 $1 28. Bxd5+ Kh8 $1 29. Ra2 (29. Bxb7 $2 exf2+ 30. Kh2 (30. Kg2 $2 Bxh4 31. Nd2 Rxg3+ 32. Kh2 Rg7 $19) 30... f1=Q $19) (29. Nxa7 $2 Rxf2 30. Nd4 Rxg3+ 31. Kh1 Bf6 $19) 29... Bxh4 30. f3 (30. N5d4 $11 {and White stays safe.}) 30... Rd8 (30... Bxg3 31. Kf1 $17) 31. Nc3 (31. Bc4 $142 Rd1+ 32. Kg2 Rxg3+ 33. Kh2 Rxf3 34. N5d4 Rd2+ 35. Nxd2 Rf2+ 36. Kg1 exd2 37. Ra1) 31... Bxg3 (31... Bf6 $142 32. Ne4 Rxd5) 32. Kf1 $19 Bf2 33. Ke2 Rg1 34. Kd3 $2 (34. Ra1 $2 Rxa1 35. Nxa1 Bg3 36. Bxb7 Be5 $19) (34. f4 $17) 34... h5 $1 {[%emt 0:00:32] White must now prevent ...h4.} 35. Nc5 (35. Kc4 {only move.}) 35... Rc1 (35... h4 $142 {...h3 is the strong threat.} 36. Ne6 Rxd5+ $1 37. Nxd5 h3) 36. N5e4 (36. Rc2 $2 Rxc2 37. Kxc2 e2 38. Nxe2 Rxd5 $19) 36... Be1 37. Re2 (37. Rc2 $2 Rxc2 38. Kxc2 h4 $19) (37. a4 $142) 37... h4 {[%emt 0:02:18] The board is on fire.} (37... Bxc3 $19 {and Black stays clearly on top.} 38. Nxc3 Rc8 39. Kxe3 R1xc3+ 40. Kf4 R8c7) 38. Rxe3 $17 h3 39. Re2 Rf8 40. Rh2 Rxf3+ 41. Ke2 Rc2+ $1 42. Kxf3 Rxh2 43. Ne2 Rh1 44. N4g3 $2 {[%emt 0:00:00][%mdl 8192] Inhibits Rf1+.} (44. Kg4 $17) 44... Bxg3 $19 ({Stronger than} 44... Rh2 45. Ne4 $17 (45. Bxb7 Bxg3 46. Nxg3 Ra2 $17)) 45. Kxg3 ({Don't blunder} 45. Nxg3 $2 Ra1 46. b5 Rxa3+ 47. Kf2 Ra5 $19) 45... Re1 46. Bf3 {[%emt 0:02:02] [#]} (46. Nf4 $142 Re3+ 47. Kh2) 46... Ra1 $1 47. Kxh3 Rxa3 48. Kg2 Rb3 49. Bxb7 (49. Kf2 $142 Rxb4 50. Ke3) 49... Rxb4 50. Ba6 Kg7 51. Kf3 Kf6 (51... Rb6 $142 52. Bd3 a5) 52. Ng3 (52. Nf4 {was the only chance.} Kg5 53. Ne6+ Kf5 54. Nc5) 52... Ra4 53. Bb5 Rb4 (53... Rd4 $142 54. Ne4+ Ke5) 54. Ba6 $1 Ke5 {[%emt 0:00:00] Against Ne4} 55. Ne2 Rb3+ 56. Kg4 $2 (56. Kf2) 56... Rb6 57. Bd3 h6 58. Kh5 a5 59. Bg6 Rb2 60. Nc3 Kd4 61. Na4 Ra2 62. Be8 Rh2+ 63. Kg4 Re2 64. Bd7 Re5 65. Bc6 Rg5+ 66. Kh4 Ke3 67. Bd7 Kf4 68. Bc8 Rg8 69. Bd7 Rd8 70. Nb6 Rb8 $2 ({Black should try} 70... Ke5 $19 {Strongly threatening ...Kd6.} 71. Kh5 Kd6) 71. Na4 $2 (71. Nc4 $1 $15) 71... Rb1 72. Nc3 $2 (72. Kh3) 72... Rh1+ 73. Bh3 Kf3 74. Na4 Rh2 75. Nc5 (75. Nb6 $142) 75... Rc2 76. Nb3 {[%emt 0:00:18] Threatens to win with Nd4+.} Ra2 77. Nc1 $2 (77. Bg4+ Kf4 78. Nc5) 77... Rh2 78. Nd3 a4 79. Ne5+ Kf4 80. Nc4 Ra2 81. Kh5 a3 {[%emt 0:00:00] ( -> ...Rh2)} 82. Nxa3 Rxa3 83. Bc8 Ra8 (83... Rc3 $142 84. Bd7 Rd3 85. Bc8 Rd8 86. Be6 Rd2 87. Bc4 Rh2+ 88. Kg6 h5 89. Bb5 h4 90. Kg7 h3 91. Bf1 Rh1 92. Ba6 h2 93. Bb7 Re1 94. Kf8 {[#]} Re4 $1 95. Bxe4 Kxe4 96. Ke7 Ke5 97. Kd8 h1=Q 98. Kc7 Qd5 99. Kc8 Kd6 100. Kb8 Kc6 101. Ka8 Kc7+ 102. Ka7 Qb7#) 84. Bd7 {[%emt 0:00:00] Black is clearly winning.} Rh8 85. Bg4 Ke5 86. Kg6 Rg8+ 87. Kh5 {[%emt 0:00:00] Weighted Error Value: White=0.55/Black=0.39} 0-1

[Event "15th Arad Open 2022"]
[Site "Arad"]
[Date "2022.08.14"]
[Round "9.10"]
[White "Kazarian, Anna-Maja"]
[Black "Balaban-Voia, Alexandru"]
[Result "0-1"]
[ECO "B09"]
[WhiteElo "2139"]
[BlackElo "1869"]
[Annotator "TA"]
[PlyCount "64"]
[EventDate "2022.08.08"]
[EventType "swiss"]
[EventCountry "ROU"]
[SourceTitle "playchess.com"]
[Source "ChessBase"]
[SourceQuality "1"]
[TimeControl "5400+30"]

1. e4 g6 2. d4 Bg7 3. f4 d6 4. Nf3 Nf6 5. e5 Nfd7 6. Nc3 c5 7. exd6 O-O 8. dxe7 (8. Be3 $5 ) 8... Qxe7+ {[%emt 0:00:08] B09: Pirc Defence: Austrian Attack.} 9. Be2 {[%emt 0:00:58] [#]} (9. Qe2 $11 {keeps the balance.} Qxe2+ 10. Bxe2) 9... cxd4 $1 $17 10. Nxd4 {[%emt 0:03:50] [#]} (10. Nb5 $17 {was the only defense.}) 10... Nb6 $1 $19 {[%emt 0:02:21] And now ...Rd8 would win. Black has a decisive advantage.} 11. Qd3 Rd8 12. Be3 Bxd4 13. Bxd4 Nc6 {[%emt 0:00:07] [#]} 14. Nb5 $146 ({Predecessor:} 14. Qe3 Rxd4 15. Qxe7 Nxe7 16. Nb5 Rxf4 17. Nc7 Rb8 18. O-O-O Bg4 19. Bxg4 Rxg4 20. Rhe1 Nc6 {0-1 (20) Wittkugel,F (1768)-Glueck,J (1891) Bergen 2015}) 14... a6 ({Inferior is} 14... Nxd4 15. Nxd4 Qb4+ 16. c3 Qxb2 17. O-O $17) 15. Qc3 Nd5 {[%emt 0:11:06] Against Bf6} ({Weaker is} 15... axb5 16. Bxb6 Bg4 17. O-O Bxe2 18. Bxd8 Qxd8 19. Rfe1 $17) 16. Bc5 Qe4 {[%emt 0:01:22] Dancing on a razor blade.} ({Not} 16... Nxc3 17. Bxe7 axb5 18. Bxd8 Nxe2 19. Kxe2 $17) 17. Qd3 Qxd3 18. Bxd3 {[%emt 0:08:08] This bishop pair is nice.} axb5 19. O-O Bf5 20. Bxf5 gxf5 21. Rf3 Ra4 22. Re1 Rxf4 {[%emt 0:03:33] Black is clearly winning.} 23. Rd3 Rc4 24. Bf2 f6 25. Red1 {[%emt 0:05:46] [#]} Rxc2 $1 26. Bh4 {[%emt 0:01:01] [#]} (26. g3 Nce7) 26... Rxg2+ $3 27. Kh1 Rg4 28. Bf2 Nce7 29. Bc5 Rc8 30. Rxd5 Nxd5 31. Rxd5 f4 32. h3 Rg5 {[%emt 0:00:13] Black took control after the opening.  Weighted Error Value: White=0.57/Black=0.05 (flawless)} 0-1